 Dungeon Crawl Stone Soup version 0.13.0-18-g7b03ea5 (webtiles) character file.

44768 Deemzul the Fighter (level 13, 0/105 HPs)
             Began as a Demonspawn Monk on Oct 22, 2013.
             Was a High Priest of Okawaru.
             Succumbed to a ghost moth's poison
             ... on Level 4 of the Lair of Beasts on Oct 23, 2013.
             The game lasted 01:16:19 (21799 turns).

Deemzul the Fighter (Demonspawn Monk)              Turns: 21799, Time: 01:16:19

HP   0/105       AC 26     Str 14 (17) XL: 13   Next: 89%
MP   0/12        EV  2     Int 12      God: Okawaru [*****.]
Gold 1510        SH 22     Dex 18      Spells:  0 memorised, 12 levels left

Res.Fire  : . . .   See Invis. : +   q - +2,+4 war axe "Hydra's Regret" {freeze, SInv}
Res.Cold  : + + .   Warding    : .   p - +1 orc plate armour
Life Prot.: + . .   Conserve   : .   G - +1 dwarf shield {AC+3}
Res.Poison: +       Res.Corr.  : .   w - -2 helmet of the Camelopard {+Blink Acc+6}
Res.Elec. : .       Clarity    : .   L - +2 cloak {rPois}
Sust.Abil.: . .     Spirit.Shd : +   K - +0 pair of gauntlets
Res.Mut.  : .       Stasis     : .   (no boots)
Res.Rott. : .       Flight     : .   (no amulet)
Saprovore : . . .                    A - +3 ring of strength
                                     j - ring of Ghomuvyl {rC+ rN+ Acc+4 Stlth++}

@: mildly poisoned, somewhat resistant to hostile enchantments, extremely
unstealthy
A: talons 1, cold resistance 1, magic shield, magic regeneration, AC +4
a: Heroism, Finesse, Renounce Religion, Evoke Blink


You were on level 4 of the Lair of Beasts.
You worshipped Okawaru.
Okawaru was extremely pleased with you.
You were near starving.

You visited 4 branches of the dungeon, and saw 23 of its levels.

You collected 2493 gold pieces.
You spent 983 gold pieces at shops.

Inventory:

Hand weapons
 n - a +2,+4 long sword of electrocution
 q - the +2,+4 war axe "Hydra's Regret" (weapon) {freeze, SInv}
   (You found it on level 1 of the Lair of Beasts)

   It has been specially enchanted to freeze those struck by it, causing extra
   injury to most foes and up to double damage against particularly susceptible
   opponents.
   It can also slow down cold-blooded creatures.
   It enhances your eyesight.
 C - a +0 elven blowgun
Missiles
 x - 4 curare-tipped needles
 F - 34 poisoned needles
Armour
 p - a +1 orcish plate armour (worn)
 w - the cursed -2 helmet of the Camelopard (worn) {+Blink Acc+6}
   (You bought it in a shop on level 4 of the Orcish Mines)

   It affects your accuracy (+6).
   It lets you blink.
   It has a curse placed upon it.
 G - a +1 dwarven shield of protection (worn)
 K - a +0 pair of gauntlets (worn)
 L - a +2 cloak of poison resistance (worn)
Magical devices
 m - a wand of disintegration (17)
 B - a wand of slowing (3)
 I - a wand of digging (4)
 M - a wand of fireball (1)
 P - a wand of magic darts (10)
 Q - a wand of confusion (1)
 T - a wand of slowing (11)
Comestibles
 b - 15 bread rations
 c - 17 strawberries
 d - 2 apples
 s - a slice of pizza
 v - 4 meat rations
Scrolls
 f - a scroll of amnesia
 g - 4 scrolls of magic mapping
 h - 3 scrolls of remove curse
 i - 9 scrolls of identify
 r - a scroll of recharging
 t - a scroll of enchant armour
Jewellery
 j - the ring of Ghomuvyl (left hand) {rC+ rN+ Acc+4 Stlth++}
   (You bought it in a shop on level 4 of the Orcish Mines)

   [ring of protection from cold]

   It affects your accuracy (+4).
   It protects you from negative energy.
   It makes you much more stealthy.
 k - an uncursed ring of protection from magic
 o - a +6 ring of dexterity
 A - a +3 ring of strength (right hand)
 H - an uncursed amulet of faith
Potions
 l - a potion of flight
 V - 2 potions of restore abilities
Miscellaneous
 S - a bottled efreet


   Skills:
 * Level 14.5 Fighting
 + Level 10.0 Armour
 - Level 2.6 Dodging
 - Level 1.7 Stealth
 + Level 4.9 Shields
 * Level 14.0 Unarmed Combat


You had 12 spell levels left.
You didn't know any spells.

Dungeon Overview and Level Annotations

Branches:
Dungeon (14/27)            Temple (1/1) D:7             Orc (4/4) D:9
    Elf (0/3) Orc:4          Lair (4/8) D:8          Spider (0/5) Lair:4
  Swamp: Lair:3-6    Shoals: Lair:3-6     Snake: Lair:3-6

Altars:
Ashenzari
Cheibriados
Fedhas
Kikubaaqudgha
Makhleb
Nemelex Xobeh
Okawaru
Sif Muna
Trog
Vehumet
Xom
Yredelemnul
Zin
the Shining One

Shops:
D:7 =   D:9 !   Orc:4 *=?=

Portals:
Ziggurat: D:12 (7930 gp)

Annotations:
D:14 Agnes
Lair:4 !Ghost Moth invis


Innate Abilities, Weirdness & Mutations

You have sharp toenails.
You are completely covered in slimy green scales (AC +4, rPois).
Your flesh is cold resistant.
When hurt, damage is shared between your health and your magic reserves.
You regenerate magic rapidly.


Message History

You fail to use your ability.
* * * LOW HITPOINT WARNING * * *
You feel sick. You block the ghost moth's attack.
The ghost moth hits you but does no damage.
The ghost moth stings you but does no damage.
Unknown command.
Use which ability? (? or * to list)
You blink.
You feel slightly more hungry. The ghost moth stares at you.
The ghost moth completely misses you.
The ghost moth hits you but does no damage.
The ghost moth stings you.
* * * LOW HITPOINT WARNING * * *
You are more poisoned.
The ghost moth poisons you!
Unknown command.
The ghost moth stares at you.
* * * LOW HITPOINT WARNING * * *
You feel sick. The ghost moth stares at you.
You die...

...♣♣ > ....................Y
....♣♣♣♣♣........................
................[....[........Y..
........................)........
...).............................
...............(.................
........>........................
..............................###
................@............###.
...)..........................###
........>.....y................##
................................#
......................##.#......#
#....................#####P.##...
#................<...## ##..##..#
##....................###....#.#.
##.......>...................[...


You could see a ghost moth (invisible).

Vanquished Creatures
  Gastronok (Orc:4)
  A hydra (D:14)
  Nessos (D:11)
  The ghost of SnowFan the Scorcher, a powerful DEFE of Vehumet (Orc:4)
  2 orc high priests (Orc:4)
  A centaur warrior (D:13)
  An unseen horror (D:12)
  15 hill giants
  6 orc sorcerers
  5 orc knights
  3 cyclopes
  2 black mambas
  An elephant (Lair:4)
  5 spiny frogs
  An iron devil (Orc:4)
  2 trolls
  A spriggan (D:8)
  Sonja (D:10)
  4 wandering mushrooms (Lair:2)
  Prince Ribbit (D:8)
  A two-headed ogre (Orc:4)
  5 blink frogs
  The ghost of DasRunzen the Skirmisher, an average DsWn of Ashenzari (D:4)
  A giant leech (Lair:4)
  2 basilisks
  A trapdoor spider (D:13)
  14 ugly things (D:13)
  10 yaks
  A hungry ghost (D:7)
  An elephant slug (Lair:4)
  2 wyverns
  14 wolves
  5 hippogriffs
  A manticore (D:10)
  5 porcupines
  4 phantoms
  A black bear (D:6)
  2 sky beasts
  A yellow wasp (D:13)
  18 orc warriors
  6 centaurs
  7 ice beasts
  15 ogres
  A boring beetle (Lair:3)
  4 big kobolds
  Sigmund (D:4)
  10 crocodiles
  4 wargs
  A giant slug (Lair:1)
  Blork the orc (D:6)
  3 water moccasins
  4 agate snails
  A cyclops skeleton (D:10)
  A komodo dragon skeleton (D:14)
  A wyvern skeleton (D:8)
  10 giant frogs
  A yak zombie (D:10)
  An eye of draining (D:13)
  A troll zombie (D:11)
  The ghost of Deemzul the Insei, a weakling DsMo (D:3)
  2 jellyfish
  A troll skeleton (D:12)
  A big fish (Orc:4)
  9 crimson imps
  4 goliath beetles
  28 orc priests
  8 hounds
  4 jellies
  A basilisk zombie (D:13)
  A black bear skeleton (D:4)
  6 scorpions
  26 orc wizards
  7 iguanas
  7 worker ants
  5 sheep (Lair:3)
  A hound zombie (D:10)
  An ogre simulacrum (D:10)
  10 adders
  2 giant centipedes
  8 gnolls
  40 green rats
  An inept item mimic (Orc:1)
  3 giant mites (D:4)
  An inept feature mimic (D:11)
  3 worms
  An ufetubus (D:9)
  An iguana skeleton (D:8)
  2 giant eyeballs (D:7)
  11 giant geckos
  2 oozes
  143 orcs
  A ball python (D:3)
  19 bats
  3 giant cockroaches
  A gnoll zombie (D:5)
  24 goblins
  23 hobgoblins
  7 quokkas
  4 giant newts
  2 goblin zombies
  A hobgoblin skeleton (D:4)
  27 jackals
  28 kobolds
  A kobold skeleton (D:4)
  An orc skeleton (Orc:2)
  6 orc zombies
  18 rats
  3 ballistomycetes (D:13)
  A plant (D:4)
729 creatures vanquished.

Vanquished Creatures (others)
  A yellow wasp (D:13)
  An orc (Orc:4)
  A giant spore (D:13)
  A fungus (Lair:3)
4 creatures vanquished.

Grand Total: 733 creatures vanquished

Notes
Turn   | Place    | Note
--------------------------------------------------------------
     0 | D:1      | Deemzul, the Demonspawn Monk, began the quest for the Orb.
     0 | D:1      | Reached XP level 1. HP: 16/16 MP: 0/0
   248 | D:1      | Gained mutation: Your flesh is cold resistant. [demonic ancestry]
   248 | D:1      | Reached XP level 2. HP: 11/22 MP: 1/1
   537 | D:1      | Reached skill level 4 in Unarmed Combat
   845 | D:2      | Reached skill level 1 in Armour
   845 | D:2      | Reached XP level 3. HP: 12/28 MP: 2/2
  1223 | D:2      | Found a shattered altar of Ashenzari.
  1409 | D:2      | Reached XP level 4. HP: 31/34 MP: 3/3
  1416 | D:3      | Noticed Deemzul's ghost (weakling DsMo)
  1421 | D:3      | Killed Deemzul's ghost
  1563 | D:3      | Reached XP level 5. HP: 33/40 MP: 4/4
  1823 | D:4      | Noticed a phantom
  1836 | D:4      | Killed a phantom
  1836 | D:4      | Reached skill level 5 in Unarmed Combat
  1860 | D:4      | Gained mutation: You are partially covered in slimy green scales (AC +2). [demonic ancestry]
  1860 | D:4      | Reached XP level 6. HP: 38/47 MP: 5/5
  2264 | D:4      | Reached skill level 6 in Unarmed Combat
  2264 | D:4      | Gained mutation: You have sharp toenails. [demonic ancestry]
  2264 | D:4      | Reached XP level 7. HP: 28/53 MP: 6/6
  2359 | D:4      | Found a basalt altar of Yredelemnul.
  2359 | D:4      | Found a blossoming altar of Fedhas.
  2359 | D:4      | Found a burning altar of Makhleb.
  2425 | D:4      | Reached skill level 5 in Fighting
  2486 | D:4      | Noticed DasRunzen's ghost (average DsWn)
  2490 | D:4      | Noticed Sigmund
  2494 | D:4      | Killed DasRunzen's ghost
  2501 | D:4      | Killed Sigmund
  2791 | D:5      | Entered Level 5 of the Dungeon
  2806 | D:5      | Reached XP level 8. HP: 16/60 MP: 7/7
  3084 | D:5      | Reached skill level 7 in Unarmed Combat
  3726 | D:6      | Found a shimmering altar of Xom.
  3729 | D:6      | Found a bloodstained altar of Trog.
  4081 | D:6      | Noticed Blork the orc
  4090 | D:6      | Killed Blork the orc
  4300 | D:6      | Reached skill level 8 in Unarmed Combat
  4404 | D:6      | Reached XP level 9. HP: 62/68 MP: 8/8
  5131 | D:7      | Reached skill level 5 in Armour
  5131 | D:7      | Paralysed by a giant eyeball for 4 turns
  5270 | D:7      | Found a staircase to the Ecumenical Temple.
  5278 | Temple   | Entered the Ecumenical Temple
  5317 | Temple   | Became a worshipper of Warmaster Okawaru
  5317 | Temple   | Acquired Okawaru's first power
  5882 | D:7      | Found Riot's Jewellery Shop.
  5959 | D:7      | Paralysed by a giant eyeball for 3 turns
  6064 | D:7      | Reached skill level 9 in Unarmed Combat
  6336 | D:8      | Noticed Prince Ribbit
  6347 | D:8      | Killed Prince Ribbit
  6350 | D:8      | Found a staircase to the Lair.
  6567 | D:8      | Gained mutation: You are mostly covered in slimy green scales (AC +3). [demonic ancestry]
  6567 | D:8      | Reached XP level 10. HP: 77/77 MP: 9/9
  6896 | D:9      | Found a snail-covered altar of Cheibriados.
  7278 | D:9      | Found Kidublis' Distillery.
  7287 | D:9      | Bought a potion of mutation for 30 gold pieces
  7290 | D:9      | Gained mutation: You are frail (-10% HP). [potion of mutation]
  7290 | D:9      | Gained mutation: You are clumsy. (Dex -2) [potion of mutation]
  7290 | D:9      | Gained mutation: You have sharp fingernails. [potion of mutation]
  7794 | D:9      | Found a staircase to the Orcish Mines.
  7800 | Orc:1    | Entered Level 1 of the Orcish Mines
  7814 | D:9      | Reached skill level 10 in Fighting
  8090 | Orc:1    | Reached skill level 10 in Unarmed Combat
  8181 | Lair:1   | Entered Level 1 of the Lair of Beasts
  8788 | Lair:2   | Noticed a black mamba
  8812 | Lair:2   | Killed a black mamba
  9019 | Lair:1   | Got a bloodstained war axe
  9020 | Lair:1   | Identified the war axe "Hydra's Regret" {freeze, SInv} (You found it on level 1 of the Lair of Beasts)
  9349 | D:10     | Entered Level 10 of the Dungeon
  9349 | D:10     | Found a shattered altar of Ashenzari.
  9363 | D:9      | Gained mutation: When hurt, damage is shared between your health and your magic reserves. [demonic ancestry]
  9363 | D:9      | Reached XP level 11. HP: 35/76 MP: 8/10
  9364 | D:9      | Paralysed by a potion of paralysis for 7 turns
  9594 | D:9      | Reached skill level 11 in Fighting
  9639 | D:10     | Noticed a hill giant
  9859 | D:10     | Killed a hill giant
  9915 | D:10     | Acquired Okawaru's second power
  9952 | D:10     | Noticed Sonja
 10007 | D:10     | Killed Sonja
 10583 | D:11     | Found Xidghosh's Antique Armour Shoppe.
 10590 | D:11     | Xidghosh's Antique Armour Shoppe was a mimic.
 10647 | D:11     | Noticed Nessos
 10668 | D:11     | Killed Nessos
 11211 | Lair:2   | Reached skill level 12 in Fighting
 11717 | Lair:3   | Received a gift from Okawaru
 11720 | Lair:3   | Got an iridescent great sword {god gift}
 11728 | Lair:3   | Identified the great sword of Parts Unknown {god gift, pain, Contam +Blink +Inv Int+2} (Okawaru gifted it to you on level 3 of the Lair of Beasts)
 11998 | Lair:3   | Gained mutation: You are completely covered in slimy green scales (AC +4, rPois). [demonic ancestry]
 11998 | Lair:3   | Reached XP level 12. HP: 65/85 MP: 7/11
 12081 | Lair:3   | Gained mutation: Armour fits poorly on your strangely shaped body. [mutagenic glow]
 14185 | Orc:3    | Found a bloodstained altar of Trog.
 14273 | Orc:4    | Entered Level 4 of the Orcish Mines
 15016 | Lair:4   | Noticed a ghost moth
 15363 | D:12     | Reached skill level 13 in Fighting
 15426 | D:12     | Found a gateway to a ziggurat.
 15437 | D:12     | Reached skill level 1 in Shields
 15449 | D:12     | Received a gift from Okawaru
 16400 | D:13     | Lost mutation: Armour fits poorly on your strangely shaped body. [potion of cure mutation]
 16400 | D:13     | Lost mutation: You are clumsy. (Dex -2) [potion of cure mutation]
 16400 | D:13     | Lost mutation: You are frail (-10% HP). [potion of cure mutation]
 16400 | D:13     | Lost mutation: You have sharp fingernails. [potion of cure mutation]
 16450 | D:13     | Found a basalt altar of Yredelemnul.
 16592 | D:13     | Found a snail-covered altar of Cheibriados.
 16857 | D:14     | Entered Level 14 of the Dungeon
 16891 | D:14     | Noticed a six-headed hydra
 16916 | D:14     | Killed a six-headed hydra
 16916 | D:14     | Gained mutation: You regenerate magic rapidly. [demonic ancestry]
 16916 | D:14     | Reached XP level 13. HP: 76/103 MP: 10/12
 16940 | D:14     | Noticed Agnes
 18267 | Orc:4    | Found a staircase to the Elven Halls.
 18286 | Orc:4    | Noticed Gastronok
 18307 | Orc:4    | Killed Gastronok
 19813 | Orc:4    | Noticed SnowFan's ghost (powerful DEFE)
 19831 | Orc:4    | Reached skill level 14 in Fighting
 19833 | Orc:4    | Killed SnowFan's ghost
 20746 | Orc:4    | Found Kung's Magic Scroll Boutique.
 20746 | Orc:4    | Found Etiotrino's Jewellery Boutique.
 20747 | Orc:4    | Found Uppuazamp's Assorted Antiques.
 20747 | Orc:4    | Found Shruetz's Jewellery Emporium.
 20767 | Orc:4    | Bought the ring of Ghomuvyl {rC+ rN+ Acc+4 Stlth++} for 758 gold pieces
 20782 | Orc:4    | Bought a crude helmet for 195 gold pieces
 20786 | Orc:4    | Identified the cursed -2 helmet of the Camelopard {+Blink Acc+6} (You bought it in a shop on level 4 of the Orcish Mines)
 21231 | Orc:4    | Received a gift from Okawaru
 21234 | Orc:4    | Got a blackened buckler {god gift}
 21243 | Orc:4    | Identified the -5 buckler "Psott" {Str-4 Dex+3} (Okawaru gifted it to you on level 4 of the Orcish Mines)
 21338 | Orc:4    | Reached skill level 10 in Armour
 21558 | Orc:4    | Noticed a frost giant
 21760 | Lair:4   | Found a hole to the Spider Nest.
 21795 | Lair:4   | HP: 2/105 [ghost moth (5)]
 21799 | Lair:4   | Succumbed to a ghost moth's poison

Action                   |  1- 3 |  4- 6 |  7- 9 | 10-12 | 13-15 || total
-------------------------+-------+-------+-------+-------+-------++-------
Melee: Unarmed           |    64 |       |       |   685 |   496 ||  1245
       Long sword        |    48 |   151 |   397 |   234 |       ||   830
       Eveningstar       |       |    14 |       |       |       ||    14
       War axe           |       |       |       |    92 |    17 ||   109
       Great sword       |       |       |       |    18 |       ||    18
 Fire: Blowgun           |       |       |       |    28 |       ||    28
Invok: Heroism           |       |       |     4 |    43 |    24 ||    71
       Finesse           |       |       |       |       |     3 ||     3
 Abil: Evoke Blink       |       |       |       |       |     1 ||     1
Evoke: Wand              |       |       |     3 |    18 |    17 ||    38
  Use: Scroll            |       |     3 |    14 |    17 |     5 ||    39
       Potion            |       |     2 |     7 |    15 |     2 ||    26
 Stab: Sleeping          |     2 |       |       |       |       ||     2
       Held in net/web   |       |     1 |       |       |       ||     1
       Confused          |       |       |       |       |     1 ||     1
